 Dungeon Crawl Stone Soup version 0.25-a0-50-gf0389da217 (webtiles) character file.

Game seed: 8056851636072457960, levelgen mode: deterministic

248 Mort the Shooter (level 5, 0/47 HPs)
             Began as a Centaur Hunter on Oct 24, 2019.
             Slain by an orc (3 damage)
             ... on level 3 of the Dungeon.
             The game lasted 00:10:57 (3514 turns).

Mort the Shooter (Centaur Hunter)                   Turns: 3514, Time: 00:10:57

Health: 0/47       AC:  7    Str: 15    XL:     5   Next: 86%
Magic:  5/5        EV:  4    Int: 11    God:
Gold:   79         SH:  0    Dex:  9    Spells: 4/4 levels left

rFire    . . .     SeeInvis .   a - +1 shortbow
rCold    . . .     Gourm    .   (shield currently unavailable)
rNeg     . . .     Faith    .   k - +0 chain mail
rPois    .         Spirit   .   (no helmet)
rElec    .         Reflect  .   (no cloak)
rCorr    .         Harm     .   (no gloves)
MR       .....                  (no barding)
Stlth    ..........             (no amulet)
HPRegen  0.15/turn              (no ring)
MPRegen  0.09/turn              (no ring)

@: very quick
A: large, hooves 3, deformed body, speed 2, tough skin 3
a: no special abilities


You were on level 3 of the Dungeon.
You were not hungry.

You visited 1 branch of the dungeon, and saw 3 of its levels.

You collected 79 gold pieces.

Inventory:

Hand Weapons
 a - a +1 shortbow (weapon)
 b - a +0 short sword
Missiles
 d - 32 arrows (quivered)
 g - 59 stones
Armour
 c - a +0 leather armour
 e - a +0 ring mail
 k - a +0 chain mail (worn)
Scrolls
 h - a scroll of enchant armour {unknown}
 i - 2 scrolls of amnesia {unknown}
 l - 2 scrolls of identify {unknown}
 m - a scroll of remove curse {unknown}
 o - 2 scrolls of teleportation {unknown}
 q - a scroll of enchant weapon {unknown}
Potions
 j - 3 potions of curing {unknown}
 n - a potion of might {unknown}
 p - a potion of mutation {unknown}
Comestibles
 f - 4 rations


   Skills:
 + Level 4.5 Fighting
 + Level 7.7 Bows
 - Level 1.3 Dodging
 - Level 0.4 Stealth


You had 4 spell levels left.
You didn't know any spells.
Your spell library was empty.

Dungeon Overview and Level Annotations

Branches:
Dungeon (3/15)

Altars:
Ashenzari


Innate Abilities, Weirdness & Mutations

You have hooves in place of feet.
Armour fits poorly on your strangely shaped body.
You cover ground very quickly.
You have extremely tough skin. (AC +3)


Message History

The orc hits you but does no damage.
Firing (i - inventory. (/) - cycle)
d - 35 arrows (quivered)
Press: ? - help, Shift-Dir - straight line, f/p - orc priest
Aim: an orc priest, wielding a +0 hand axe and wearing a +0 ring mail (severely wounded)
You shoot an arrow. The arrow barely misses the orc priest.
The orc priest casts a cantrip, but nothing happens.
The orc hits you but does no damage.
Firing (i - inventory. (/) - cycle)
d - 34 arrows (quivered)
Press: ? - help, Shift-Dir - straight line, f/p - orc priest
Aim: an orc priest, wielding a +0 hand axe and wearing a +0 ring mail (severely wounded)
You shoot an arrow. The arrow barely misses the orc priest.
The orc priest hits you but does no damage.
Firing (i - inventory. (/) - cycle)
d - 33 arrows (quivered)
Press: ? - help, Shift-Dir - straight line, f/p - orc priest
Aim: an orc priest, wielding a +0 hand axe and wearing a +0 ring mail (severely wounded)
You shoot an arrow. The arrow hits the orc priest!
You kill the orc priest!
The orc barely misses you. The orc hits you.
You die...

#...# #...# ## #...# o##
.# #...# ######...
.#####...####.......#
................##o.#
.................#..#
...............o.#..#
.##P≈PP≈..###.##@#..##.##
##P≈≈≈P≈P.# #...(>((.....
..P≈≈≈≈≈P.# ####.#(###.##
PP≈≈♣♣♣♣P.# #.#.#


PPP≈♣ ≈≈.# #.#.# .P≈♣♣ ♣♣≈.# #(... ..P≈♣ P≈P# ###.. ##≈≈≈♣ ### ..PP≈≈≈ You could
see an orc.

Vanquished Creatures
  An orc wizard (D:2)
  2 orc priests
  3 adders
  2 oozes
  6 worms
  3 dart slugs
  3 leopard geckos (D:2)
  5 orcs
  A ball python (D:1)
  7 bats
  7 giant cockroaches
  7 goblins
  12 hobgoblins
  10 jackals (D:1)
  7 kobolds
  3 quokkas (D:2)
  2 frilled lizards (D:1)
  5 rats
86 creatures vanquished.

Notes
Turn   | Place    | Note
-------+----------+-------------------------------------------
     0 | D:1      | Mort the Centaur Hunter began the quest for the Orb.
     0 | D:1      | Reached XP level 1. HP: 17/17 MP: 1/1
   302 | D:1      | Reached XP level 2. HP: 25/25 MP: 2/2
   663 | D:1      | Reached skill level 6 in Bows
   687 | D:1      | Reached XP level 3. HP: 25/30 MP: 3/3
  1567 | D:2      | Reached XP level 4. HP: 31/38 MP: 4/4
  2239 | D:2      | Found a shattered altar of Ashenzari.
  2578 | D:2      | Reached skill level 7 in Bows
  2966 | D:3      | Reached XP level 5. HP: 45/46 MP: 5/5
  3506 | D:3      | HP: 2/47 [orc priest/+0 hand axe (2)]
  3514 | D:3      | Slain by an orc

Levels and vault maps discovered:
D:1:      eino_arrival_cavern_e, layout_rooms
D:2:      layout_basic, ashenzari_altar_1
D:3:      layout_loops_cross, lemuel_zombie_altar_yredelemnul,
          serial_bayou_pond_c, uniq_natasha, uniq_terence

Skill      XL: |  1  2  3  4  5 |
---------------+----------------+-----
Bows           | 6 7 |  7.7
Fighting       | 3 4 |  4.5
Dodging        | |  1.3
Stealth        | |  0.4

Action                   |  1- 3 |  4- 6 || total
-------------------------+-------+-------++-------
Melee: Short sword       |   137 |   144 ||   281
       Kick              |    24 |    21 ||    45
 Fire: Shortbow          |    29 |    89 ||   118
  Eat: Chunk             |     1 |     6 ||     7
Armor: Ring mail         |    73 |       ||    73
       Leather armour    |     2 |       ||     2
       Chain mail        |       |   141 ||   141
Dodge: Dodged            |    54 |    43 ||    97

Table legend:
 A = Non-vault XP
 B = Vault XP
 C = Vault XP percentage of total XP
 D = Non-vault monster count
 E = Vault monster count
 F = Vault count percentage of total count
                 A         B        C        D         E       F
            +---------+---------+-------+---------+---------+-------
      Total |     355 |       0 |   0.0 |      86 |       0 |   0.0
            +---------+---------+-------+---------+---------+-------
        D:1 |      78 |       0 |   0.0 |      41 |       0 |   0.0
        D:2 |     192 |       0 |   0.0 |      34 |       0 |   0.0
        D:3 |      85 |       0 |   0.0 |      11 |       0 |   0.0
            +---------+---------+-------+---------+---------+-------
